 Dungeon Crawl Stone Soup version 0.26.1-11-gd32895ea62 (webtiles) character file.

Game seed: 17047958913870978021

991 seveneves the Slasher (level 7, -3/61 HPs)
             Began as a Minotaur Fighter on July 20, 2021.
             Was a Believer of Wu Jian.
             Killed by divine providence
             ... invoked by an orc priest
              (12 damage)
             ... on level 6 of the Dungeon.
             The game lasted 00:17:04 (4134 turns).

seveneves the Slasher (Minotaur Fighter)            Turns: 4134, Time: 00:17:04

Health: -3/61      AC:  8    Str: 22    XL:     7   Next: 98%
Magic:  0/6        EV: 13    Int:  5    God:    Wu Jian [**....]
Gold:   349        SH: 10    Dex: 10    Spells: 6/6 levels left

rFire    . . .     SeeInvis .   a - +0 long sword
rCold    . . .     Faith    .   c - +0 kite shield
rNeg     . . .     Spirit   +   b - +0 scale mail
rPois    .         Reflect  .   (helmet restricted)
rElec    .         Harm     .   (no cloak)
rCorr    .         Rampage  .   q - +0 pair of gloves
Will     .....                  (no boots)
Stlth    ..........             e - amulet of guardian spirit
HPRegen  0.20/turn              p - +4 ring of evasion
MPRegen  0.10/turn              (no ring)

@: mighty, slowed, very slow
A: retaliatory headbutt, horns 2
a: Renounce Religion, Wall Jump


You were on level 6 of the Dungeon.
You worshipped Wu Jian.
Wu Jian was pleased with you.
You visited 1 branch of the dungeon, and saw 6 of its levels.

You collected 349 gold pieces.

Inventory:

Hand Weapons
 a - a +0 long sword (weapon)
Missiles
 g - 8 boomerangs (quivered)
Armour
 b - a +0 scale mail (worn)
 c - a +0 kite shield (worn)
 q - a +0 pair of gloves (worn)
Jewellery
 e - an amulet of guardian spirit (around neck)
 p - a +4 ring of evasion (left hand)
Scrolls
 f - 4 scrolls of identify
 h - 2 scrolls of enchant weapon
 l - a scroll of immolation {unknown}
 m - 2 scrolls of remove curse
 n - a scroll of teleportation {unknown}
 o - a scroll of blinking {unknown}
Potions
 d - 2 potions of might
 i - 2 potions of curing
 k - a potion of ambrosia {unknown}
 r - a potion of berserk rage


   Skills:
 + Level 5.2 Fighting
 + Level 7.0 Long Blades
 + Level 0.7 Throwing
 + Level 5.5 Armour
 + Level 3.4 Dodging
 + Level 0.8 Stealth
 + Level 6.0 Shields


You had 6 spell levels left.
You didn't know any spells.
Your spell library was empty.

Dungeon Overview and Level Annotations

Branches:
Dungeon (6/15)             Temple (0/1) D:6

Altars:
Cheibriados
Dithmenos
Elyvilon
Makhleb
Okawaru
Trog
Uskayaw
Wu Jian
Yredelemnul
Zin

Shops:
D:5 *


Innate Abilities, Weirdness & Mutations

You reflexively headbutt those who attack you in melee.
You have a pair of horns on your head.


Message History

Items here: )) [[ ††.
An orc priest comes into view.
The orc wizard points at you and mumbles some strange words.
The magic dart hits you.
* * * LOW HITPOINT WARNING * * *
Things that are here:
11 arrows; a +0 flail; an orc corpse You lunge at the orc.
You slice the orc!!
You kill the orc!
The Council accepts your kill.
The orc wizard hits you but does no damage.
An orc comes into view. It is wielding a +0 dagger.
The orc wizard casts a spell at you.
You feel as though you will be slow longer.
Things that are here:
a +0 whip; a jackal corpse; an orc corpse You closely miss the orc wizard.
Your headbutt misses the orc wizard.
The orc priest mumbles some strange prayers to Beogh against you.
Beogh smites you!
You die...

,,,,,,,* #,*#..#.#,**,*,,,,**,**,
,,,,,,,**#.##..#.#,,,,***,,**,**,
,,,,,,,,,,,....#.##******,,**,**,
,,,,,,,,,,,*#.....,,,,,,,,,,,,,,,
,,,,,,,,,,,*#...)#*******,***,*##
,,,,,,,,,,,,+...o# #.# #.##.
,,,,,,,***,*#.)))# #.# #.##.
***,**,*##.##..†(# ###.###.##.
*,*,,,....(.))@######....##.##.
*>**,*########)o..........#.##.
*,,,,,,....$..........#...#.##.
********#........o####..........
*,,,,,,,........................
*,******#.........####.###.#....
**,,,*** #..........,<..# #.####'
,,,,,,,* #..............# #......
,,,,,,,* #..............# #......


You could see an orc priest, an orc wizard and an orc.

Vanquished Creatures
  An ice beast (D:5)
  An orc warrior (D:6)
  2 centaurs
  2 scorpions (D:5)
  A howler monkey (D:6)
  A jelly (D:6)
  2 orc priests
  A bullfrog skeleton (D:5)
  3 orc wizards
  2 iguanas (D:5)
  8 adders
  4 gnolls (D:4)
  A white imp (D:5)
  An ufetubus (D:6)
  4 worms
  3 dart slugs
  A leopard gecko (D:2)
  24 orcs
  10 bats
  5 giant cockroaches
  6 goblins
  5 hobgoblins
  8 jackals
  5 quokkas
  2 ball pythons (D:3)
  2 frilled lizards
  17 kobolds
  A quokka skeleton (D:3)
  3 rats
126 creatures vanquished.

Notes
Turn   | Place    | Note
-------+----------+-------------------------------------------
     0 | D:1      | seveneves the Minotaur Fighter began the quest for the Orb.
     0 | D:1      | Reached XP level 1. HP: 19/19 MP: 0/0
    81 | D:1      | Reached XP level 2. HP: 24/27 MP: 1/1
   536 | D:2      | Noticed a +0 hand axe
   536 | D:2      | Noticed a +0 dagger
   570 | D:2      | Found a bloodstained altar of Trog.
   570 | D:2      | Found an iron altar of Okawaru.
   639 | D:2      | Reached XP level 3. HP: 33/33 MP: 2/2
   810 | D:2      | Found a hide-covered altar of Uskayaw.
   822 | D:2      | Reached skill level 3 in Long Blades
   833 | D:2      | Found an ornate altar of the Wu Jian Council.
   833 | D:2      | Found a faded altar of an unknown god.
   841 | D:2      | Found a shadowy altar of Dithmenos.
   843 | D:2      | Found a glowing silver altar of Zin.
   846 | D:2      | Found a faded altar of an unknown god.
   859 | D:2      | Became a worshipper of the Wu Jian Council
   934 | D:2      | Reached XP level 4. HP: 39/40 MP: 3/3
  1432 | D:3      | Reached skill level 4 in Long Blades
  1434 | D:3      | Reached * piety under Wu Jian
  1438 | D:3      | Reached XP level 5. HP: 45/46 MP: 4/4
  1525 | D:3      | Reached skill level 1 in Dodging
  1724 | D:3      | Found a basalt altar of Yredelemnul.
  2156 | D:4      | Found a white marble altar of Elyvilon.
  2236 | D:4      | Reached skill level 5 in Shields
  2236 | D:4      | Reached XP level 6. HP: 41/53 MP: 5/5
  2241 | D:4      | Reached skill level 5 in Long Blades
  3236 | D:5      | Entered Level 5 of the Dungeon
  3488 | D:5      | Found Vecs's General Store.
  3538 | D:5      | Reached ** piety under Wu Jian
  3624 | D:5      | Reached XP level 7. HP: 53/60 MP: 6/6
  3650 | D:5      | Reached skill level 5 in Armour
  3718 | D:5      | Found a snail-covered altar of Cheibriados.
  3824 | D:5      | Reached skill level 5 in Fighting
  3824 | D:5      | Reached skill level 6 in Long Blades
  3865 | D:5      | Found a burning altar of Makhleb.
  4124 | D:6      | HP: 1/61 [orc priest/divine providence (6)]
  4130 | D:6      | Reached skill level 7 in Long Blades
  4134 | D:6      | Killed from afar by an orc priest

Illustrated notes

Levels and vault maps discovered:
D:1:      wander_arrival_abandoned_jail, layout_loops_ring
D:2:      layout_loops_ring, dancing_weapons_uskayaw,
          chequers_temple_overflow_minitemple, gammafunk_temple_overflow_pools,
          minmay_tripent
D:3:      layout_loops_corners, yredelemnul_altar_generic
D:4:      layout_loops_ring, nicolae_overflow_hidden_temple, lemuel_round_altar
D:5:      layout_basic, slow_altar_2, kennysheep_little_box, serial_shops,
          shop_coins
D:6:      layout_basic, minmay_temple_entry_stoned_glass

Skill      XL: |  1  2  3  4  5  6  7 |
---------------+----------------------+-----
Shields        | 4 5 6 |  6.0
Fighting       | 4 5 |  5.2
Armour         | 4 5 |  5.5
Long Blades    | 3 4 5 7 |  7.0
Dodging        | 1 2 3 |  3.4
Throwing       | |  0.7
Stealth        | |  0.8

Action                   |  1- 3 |  4- 6 |  7- 9 || total
-------------------------+-------+-------+-------++-------
Melee: Long sword        |    76 |   177 |    67 ||   320
       Headbutt          |     3 |    32 |    14 ||    49
Throw: Boomerang         |     4 |       |     2 ||     6
Invok: Lunge             |       |    13 |     7 ||    20
       Whirlwind         |       |     2 |     9 ||    11
  Use: Potion            |     4 |       |     2 ||     6
       Scroll            |     1 |       |     5 ||     6
Armor: Scale mail        |    42 |    63 |    33 ||   138
Dodge: Dodged            |    25 |    46 |    58 ||   129
Block: Kite shield       |    59 |    87 |    53 ||   199
       Rpst.: Long sword |     6 |    13 |    11 ||    30
